AoeStats
← [GDL] Maldito Pantoja

Oasis

508145930Analyzed
4v4 RM · 11d ago on Sep 21, 2026· 19m 22s· 8 players
Game mode
Random Map
Map size
Large (8 player)
Population
200
Speed
Normal
Resources
Standard
Victory
Conquest
Starting age
Dark Age
Ending age
Imperial Age
RankedLock teamsTeams togetherTeam positionsShared explorationLock speedFull tech treeHidden civsTurbo modeCheats
Victory
Defeat
🇺🇸 Khitans · United States
1293
+12
🇺🇸 Vietnamese · United States
1280
+13
🇺🇸 Magyars · United States
1240
+14
🇭🇺 Shu · Hungary
1191
+17
🇻🇳 Poles · Vietnam
1260
-16
🇲🇽 Magyars · Mexico
1206
-14
🇲🇽 Saracens · Mexico
1202
-14
🇨🇳 Maya · China
1165
-12
BlankZombie18
10:05 Feudal Age
15:07 Castle Age
13:33 Loom
19:49 Wheelbarrow
[GDL] Maldito Pantoja
6:29 Loom
10:15 Feudal Age
La Apple
11:31 Feudal Age
15:59 Castle Age
14:12 Bloodlines
14:44 Horse Collar
17:40 Scale Barding Armor
18:52 Chain Barding Armor
18:35 Double-Bit Axe
mx
0:26 Loom
10:38 Feudal Age
11:18 Double-Bit Axe
11:54 Horse Collar
16:13 Wheelbarrow
17:24 Fletching
18:05 Gold Mining
^0^Nova^0^
10:25 Feudal Age
14:10 Castle Age
12:43 Loom
15:03 Double-Bit Axe
TheGrainmaker
9:49 Feudal Age
10:17 Double-Bit Axe
11:07 Loom
16:23 Fletching
Cavanara
2:34 Loom
11:49 Feudal Age
13:43 Double-Bit Axe
14:40 Horse Collar
VicMan
11:09 Feudal Age
11:54 Double-Bit Axe
12:13 Loom
13:47 Forging
21:54 Castle Age
Connection lost

Rejoining the realm…

Still unreachable

The connection could not be restored.

Session expired

The server has moved on; the page needs a fresh start.